 Dungeon Crawl Stone Soup version 0.30-a0-949-g53dc5368d7 (webtiles) character file.

Game seed: 3863262056440413405

474 Gargoyl the Trooper (level 7, -3/44 HPs)
             Began as a Gargoyle Berserker on Mar 27, 2023.
             Was a Believer of Trog.
             Slain by an ice beast (14 damage)
             ... on level 5 of the Dungeon.
             The game lasted 00:06:06 (3805 turns).

Gargoyl the Trooper (Gargoyle Berserker)            Turns: 3805, Time: 00:06:06

Health: -3/44      AC: 23    Str: 20    XL:     7   Next: 10%
Magic:  7/7        EV:  8    Int: 11    God:    Trog [**....]
Gold:   276        SH:  0    Dex: 11    Spells: 6/6 levels left

rFire   . . .      SeeInvis .    s - +3 falchion (protect)
rCold   . . .      Faith    .    (no shield)
rNeg    + . .      Spirit   .    h - +0 chain mail
rPois   ∞          Reflect  .    j - +0 hat {Int+3}
rElec   +          Rampage  .    (no cloak)
rCorr   .                        m - +0 pair of gloves
Will    .....                    u - +0 pair of boots Stlth
                                 (no amulet)
HPRegen 0.27/turn                (no ring)
MPRegen 0.10/turn                (no ring)

@: under a protective aura
A: sickness immunity, AC +4, negative energy resistance 1, electricity
resistance, torment resistance 1, petrification resistance
a: Renounce Religion, Berserk, Trog's Hand


You were on level 5 of the Dungeon.
You worshipped Trog.
Trog was pleased with you.
You visited 1 branch of the dungeon, and saw 5 of its levels.

You collected 276 gold pieces.

Inventory:

Hand Weapons
 s - a +3 falchion of protection (weapon)
 y - a +0 war axe
Armour
 h - a +0 chain mail (worn)
 j - a +0 hat of intelligence (worn)
 m - a +0 pair of gloves (worn)
 u - a +0 pair of boots (worn)
Jewellery
 v - a ring of resist corrosion
Scrolls
 a - a scroll of teleportation {unknown}
 b - a scroll of summoning {unknown}
 d - 5 scrolls of noise {unknown}
 g - 3 scrolls of identify {unknown}
 n - 2 scrolls of blinking {unknown}
 p - a scroll of poison {unknown}
 q - 3 scrolls of silence {unknown}
 w - a scroll of brand weapon {unknown}
 z - a scroll of enchant weapon {unknown}
Potions
 c - 4 potions of curing {unknown}
 e - 2 potions of heal wounds
 f - 2 potions of resistance {unknown}
 i - a potion of degeneration {unknown}
 k - a potion of cancellation {unknown}
 l - a potion of attraction {unknown}
 o - a potion of berserk rage {unknown}
 r - a potion of haste {unknown}
 t - 2 potions of brilliance {unknown}
 x - a potion of lignification {unknown}


   Skills:
 + Level 4.8 Fighting
 + Level 1.3 Long Blades
 + Level 4.4 Axes
 * Level 4.4 Armour
 * Level 2.9 Dodging


You had 6 spell levels left.
You didn't know any spells.
Your spell library was empty.

Dungeon Overview and Level Annotations

Branches:
Dungeon (5/15)
 Temple: D:4-7

Altars:
Vehumet
Yredelemnul


Innate Abilities, Weirdness & Mutations

You are immune to sickness and miasma.
Your stone body is resilient. (AC +4)
You are immune to poison.
You resist negative energy. (rN+)
You are resistant to electric shocks. (rElec)
You are resistant to unholy torment.
You are immune to petrification.


Message History

The jelly quivers.
The ice beast hits you but does no damage.
You barely miss the ice beast. The ice beast closely misses you.
You slash the jelly!
Your weapon exudes an aura of protection.
Your hands burn!
The jelly is severely wounded.
The ice beast hits you but does no damage.
The jelly hits you but does no damage.
You slash the jelly!
You kill the jelly!
Trog accepts your kill.
The ice beast hits you but does no damage.
You closely miss the ice beast.
The ice beast hits you but does no damage.
The ice beast hits you. The ice beast freezes you!
You hit the ice beast but do no damage.
The ice beast hits you but does no damage.
You closely miss the ice beast.
The ice beast hits you but does no damage.
You hit the ice beast.
The ice beast is lightly wounded.
The ice beast hits you. The ice beast freezes you.
You hit the ice beast but do no damage.
The ice beast is lightly wounded.
The ice beast closely misses you.
The ice beast hits you but does no damage.
You closely miss the ice beast.
The ice beast is lightly wounded.
The ice beast hits you. The ice beast freezes you!
* * * LOW HITPOINT WARNING * * *
You hit the ice beast.
The ice beast is moderately wounded.
The ice beast closely misses you.
You barely miss the ice beast.
The ice beast is moderately wounded.
The ice beast barely misses you. The ice beast hits you.
* * * LOW HITPOINT WARNING * * *
The ice beast freezes you!
You die...

##.....).......#
##............#
###.........#
##........#
...#####.....###
#.............#
####......8...#
##.........#
#...8@8...#
#.....Y...#
#.8...8.8.#
#.........#
#....8.8....#
#...........#
#...#.......#
###....#..###


You could see an ice beast.

Vanquished Creatures
  An ogre (D:4)
  A scorpion (D:3)
  2 hounds (D:4)
  A jelly (D:5)
  2 orc wizards (D:3)
  3 gnolls (D:2)
  6 adders
  A shadow imp (D:3)
  2 worms
  4 dart slugs
  13 orcs (D:3)
  8 ball pythons
  9 bats
  4 endoplasms
  3 giant cockroaches
  3 goblins
  9 hobgoblins
  3 jackals
  2 quokkas (D:3)
  A frilled lizard (D:1)
  9 kobolds
  2 rats (D:3)
89 creatures vanquished.

Notes
Turn   | Place    | Note
-------+----------+-------------------------------------------
     0 | D:1      | Gargoyl the Gargoyle Berserker began the quest for the Orb.
     0 | D:1      | Reached XP level 1. HP: 14/14 MP: 1/1
    54 | D:1      | Found a faded altar of an unknown god.
   113 | D:1      | Reached XP level 2. HP: 19/19 MP: 2/2
   863 | D:2      | Reached XP level 3. HP: 24/24 MP: 3/3
  1017 | D:2      | Reached XP level 4. HP: 29/29 MP: 4/4
  2348 | D:3      | Reached ** piety under Trog
  2349 | D:3      | Reached XP level 5. HP: 32/33 MP: 5/5
  2607 | D:3      | Identified the +1 dagger "Acruxe" {holy, rElec rN+ Will+
                  | Dex-2}
  2791 | D:3      | Found a radiant altar of Vehumet.
  2823 | D:3      | Found a basalt altar of Yredelemnul.
  2968 | D:3      | Reached XP level 6. HP: 33/39 MP: 6/6
  3431 | D:4      | Reached skill level 1 in Long Blades
  3431 | D:4      | Reached XP level 7. HP: 44/44 MP: 7/7
  3783 | D:5      | Entered Level 5 of the Dungeon
  3805 | D:5      | Slain by an ice beast

Illustrated notes

Levels and vault maps discovered:
D:1:      dpeg_arrival_arbitrary_a, layout_basic, ebering_ecumenical_altar_mist,
          minmay_fountain_box, chequers_serial_rivers_micro_d
D:2:      layout_basic, hangedman_decor_riveting, minivault_4
D:3:      minmay_thinvault, layout_loops_cross, mainiacjoe_overflow_two_lobes
D:4:      layout_cave_pools
D:5:      layout_cave_pods, serial_column_ruins, column_ruins_columns_water,
          column_ruins_columns_T, column_ruins_grid_4, column_ruins_grid_1

Skill      XL: |  1  2  3  4  5  6 |
---------------+-------------------+-----
Axes           | 3 4 |  4.4
Fighting       | 4 |  4.8
Dodging        | 2 |  2.9
Armour         | 3 4 |  4.4
Long Blades    | 1 |  1.3

Action                     |  1- 3 |  4- 6 |  7- 9 || total
---------------------------+-------+-------+-------++-------
  Melee: Hand axe          |    67 |   164 |       ||   231
         Punch             |     1 |     1 |     1 ||     3
         Falchion          |       |   116 |    14 ||   130
 Invoke: Berserk           |     1 |     2 |       ||     3
         Trog's Hand       |       |     2 |       ||     2
    Use: Potion            |     1 |       |       ||     1
 Armour: Animal skin       |    20 |       |       ||    20
         Chain mail        |    34 |   286 |     9 ||   329
  Dodge: Dodged            |    40 |   171 |     4 ||   215

Table legend: (Time is in decaauts)
 A = Elapsed time spent in this place.
 B = Non-inter-level travel time spent in this place.
 C = Inter-level travel time spent in this place.
 D = Time resting spent in this place.
 E = Time spent auto-exploring this place.
 F = Levels seen in this place.
 G = Mean time per level.
                   A        B        C        D        E       F      G
               +--------+--------+--------+--------+--------+-----+--------+
         Total |   3901 |   3619 |    282 |    113 |   2550 |   5 |  780.2 |
       Dungeon |   3901 |   3619 |    282 |    113 |   2550 |   5 |  780.2 |
               +--------+--------+--------+--------+--------+-----+--------+

Top non-repeatable levels by time:
     D:3: 1351 daAuts
     D:2: 1204 daAuts
     D:1: 789 daAuts
     D:4: 531 daAuts
     D:5: 24 daAuts
